Map: Abyssal Reef LE

Players

Winthrowe - Winner!

  • Race: Terran Terran
  • League: Silver
  • Spawn Location: 11:00

A.I. 1 (Harder)

  • Race: Zerg Zerg
  • Spawn Location: 5:00

VOD

Have the link to the VOD?

Description

Time

  • Played on: Aug. 20, 2017, 4:44 p.m.
  • Length: 11:00
Show
View Real Time Build Order
Export as new Build Order

Winthrowe Terran - Winner!

Build Orders: MMM Bio 

Get SALT Encoding   

  12  0:01  SCV  
  13  0:14  SCV  
  14  0:21  Supply Depot  
  14  0:26  SCV  
  15  0:40  Refinery  
  15  0:42  SCV  
  16  0:52  Barracks  
  16  0:54  SCV  
  17  1:06  SCV  
  18  1:19  SCV  
  19  1:29  Barracks  
  19  1:31  SCV  
  20  1:43  SCV  
  20  1:44  Marine  
  22  1:55  SCV  
  22  1:56  Supply Depot  
  23  2:17  SCV  
  23  2:21  Barracks Tech Lab  
  23  2:22  Bunker  
  24  2:32  SCV  
  24  2:33  Command Center  
  24  2:36  Refinery  
  25  2:44  SCV  
  25  2:49  Stimpack  
  25  2:50  Barracks Tech Lab  
  26  2:57  SCV  
  27  3:10  Supply Depot  
  27  3:28  Engineering Bay  
  27  3:47  Marine, Marauder  
  30  3:50  Combat Shields  
  30  3:55  Engineering Bay  
  30  4:05  Marine  
  30  4:08  Marine  
  32  4:23  Marine  
  33  4:31  Marauder  
  35  4:40  Marine, Terran Infantry Weapons Level 1  
  35  4:42  Terran Infantry Armor Level 1  
  36  4:47  Factory  
  36  4:52  Marine  
  37  4:53  Supply Depot  
  37  4:58  Marine  
  38  5:09  Marine, Concussive Shells  
  39  5:16  Supply Depot  
  39  5:17  Marauder  
  39  5:19  SCV x2  
  43  5:27  Marine  
  44  5:31  SCV x2  
  44  5:34  Starport  
  46  5:37  Marine  
  46  5:41  Armory  
  47  5:43  SCV  
  47  5:44  SCV  
  47  5:45  Marine  
  50  5:55  Marine  
  51  5:59  Barracks  
  51  6:03  Marine  
  52  6:13  Marine  
  52  6:15  Medivac  
  55  6:21  Marauder  
  57  6:45  Medivac  
  57  7:32  Barracks Reactor  
  57  7:33  Barracks Reactor  
  57  7:39  Thor  
  63  7:50  Supply Depot  
  63  8:02  Terran Infantry Weapons Level 2  
  63  8:04  Terran Infantry Armor Level 2  
  63  8:14  Supply Depot  
  63  8:16  Marine x5  
  68  8:34  Marine x5, Fusion Core  
  68  8:37  Supply Depot  
  73  8:47  SCV  
  73  8:48  SCV  
  75  8:51  Marine  
  75  8:52  Marine x4  
  80  8:57  Command Center  
  80  8:59  SCV  
  80  9:00  Supply Depot, SCV  
  82  9:09  Marine  
  83  9:10  Marine x4  
  87  9:17  Medivac  
  87  9:23  Supply Depot  
  89  9:27  Marine  
  89  9:28  Marine x4  
  93  9:45  Marine x5  
  94  9:47  Medivac  
  100  10:03  Marine x5  
  104  10:21  Marine x5  
  107  10:38  Marine  
  107  10:39  Marine x4  
Show
View Real Time Build Order
Export as new Build Order

A.I. 1 (Harder) Zerg 

Build Orders: Pool First 

Get SALT Encoding   

  12  0:01  Drone  
  13  0:12  Overlord  
  13  0:17  Drone  
  14  0:31  Drone x2  
  16  0:42  Spawning Pool  
  15  0:45  Drone  
  15  0:49  Drone  
  17  0:52  Extractor  
  17  0:56  Drone  
  17  1:06  Overlord  
  17  1:30  Queen  
  17  1:31  Zergling x2  
  20  1:38  Roach Warren, Drone  
  20  1:40  Zergling x2  
  20  1:42  Extractor  
  20  1:49  Drone  
  21  2:00  Drone  
  22  2:12  Drone  
  23  2:21  Overlord  
  23  2:32  Drone  
  24  2:37  Roach  
  24  2:43  Overlord  
  26  2:46  Roach  
  28  2:54  Roach  
  30  3:03  Roach  
  32  3:08  Overlord  
  32  3:11  Roach  
  34  3:20  Roach  
  36  3:29  Roach  
  38  3:36  Overlord  
  38  3:37  Roach  
  40  3:46  Roach  
  42  3:53  Drone  
  42  3:54  Roach  
  45  3:57  Drone  
  46  4:04  Drone  
  47  4:12  Overlord, Roach  
  47  4:13  Drone  
  47  4:15  Drone  
  50  4:26  Zergling x2  
  51  4:31  Baneling Nest  
  51  4:35  Evolution Chamber  
  51  4:37  Drone  
  50  4:45  Roach, Drone x2  
  54  4:53  Roach  
  56  5:02  Roach  
  58  6:13  Baneling, Overlord  
  58  6:14  Zerg Melee Weapons Level 1, Burrow  
  58  6:21  Zergling x2  
  58  6:22  Hatchery  
  58  6:28  Zergling x2  
  59  6:41  Baneling, Zergling x2  
  60  6:48  Baneling x2, Zergling x2  
  60  6:54  Overlord  
  59  6:55  Zergling x2  
  50  7:03  Zergling x2  
  50  7:04  Metabolic Boost  
  41  7:26  Lair  
  41  7:34  Drone  
  41  7:35  Drone x4  
  41  7:36  Drone x3  
  41  7:37  Drone  
  50  7:42  Drone  
  51  7:44  Extractor, Drone  
  51  7:52  Drone  
  51  7:55  Drone x2  
  51  7:57  Drone  
  55  7:59  Drone  
  55  8:04  Drone  
  57  8:06  Drone  
  57  8:08  Zerg Ground Armor Level 1  
  58  8:15  Drone  
  58  8:17  Drone  
  60  8:24  Spire  
  60  8:25  Centrifical Hooks  
  60  8:26  Extractor  
  58  8:34  Spore Crawler, Drone  
  58  8:39  Spore Crawler, Drone  
  58  8:44  Spore Crawler, Drone  
  58  8:48  Spore Crawler, Drone  
  57  8:49  Drone x3  
  61  9:01  Infestation Pit  
  61  9:02  Drone  
  61  9:06  Spine Crawler  
  61  9:07  Drone  
  61  9:11  Roach  
  61  9:20  Spine Crawler  
  61  9:21  Roach  
  61  9:23  Spine Crawler, Zergling x2  
  58  9:25  Drone  
  58  9:30  Zergling x2  
  50  9:36  Roach  
  52  9:39  Hive  
  52  9:41  Roach  
  52  9:43  Roach  
  52  9:44  Roach  
  54  9:50  Roach  
  33  9:54  Drone  
  33  9:58  Zergling x2  
  27  10:02  Drone x2  
  27  10:05  Zergling x2  
  27  10:06  Drone  
  20  10:14  Mutalisk  
  21  10:23  Baneling  
  21  10:25  Mutalisk  
  20  10:32  Infestation Pit  
  13  10:43  Spire  
  13  10:49  Spawning Pool  
Tags
 
Composition
MMM Bio
League
Silver
Matchup
TvZ
Opening
Pool First
Spawn Locations
Cross Positions
Add a new tag
Caveats
  • Supply blocks, unpowered buildings, or Contaminate may cause inaccurate times.
  • Supply counts are checked every 10 seconds.